 Dungeon Crawl Stone Soup version 0.21-a0-536-gdbbf329 (webtiles) character file.

64 Amnesiac the Magician (level 4, 0/32 HPs)
             Began as a Gnoll Wizard on Dec 14, 2017.
             Slain by a scorpion (7 damage)
             ... on level 4 of the Dungeon.
             The game lasted 00:03:25 (823 turns).

Amnesiac the Magician (Gnoll Wizard)                 Turns: 823, Time: 00:03:26

Health: 0/32       AC:  2    Str: 10    XL:     4   Next: 12%
Magic:  1/13       EV: 14    Int: 21    God:
Gold:   78         SH:  0    Dex: 13    Spells: 4/17 levels left

rFire    . . .     SeeInvis .   e - +0 dagger
rCold    . . .     Gourm    .   (no shield)
rNeg     + . .     Faith    .   a - +0 robe
rPois    .         Spirit   .   b - +0 hat
rElec    .         Reflect  .   (no cloak)
rCorr    .         Harm     .   (no gloves)
MR       .....                  (no boots)
Stlth    +++.......             (no amulet)
HPRegen  0.10/turn              l - ring of positive energy
MPRegen  0.13/turn              (no ring)

@: no status effects
A: distributed training, fangs 1, strong nose
a: no special abilities


You were on level 4 of the Dungeon.
You were not hungry.

You visited 1 branch of the dungeon, and saw 4 of its levels.

You collected 78 gold pieces.

Inventory:

Hand Weapons
 e - a +0 dagger (weapon)
Armour
 a - a +0 robe (worn)
 b - a +0 hat (worn)
Jewellery
 l - a ring of positive energy (left hand)
Scrolls
 f - 2 scrolls of teleportation {!r, unknown}
 h - a scroll of magic mapping {!r, unknown}
 j - 2 scrolls of noise {!r, unknown}
 k - a scroll of identify {!r, unknown}
 m - a scroll of blinking {!r, unknown}
 n - a scroll of fear {!r, unknown}
Potions
 i - a potion of cancellation {!q, unknown}
Books
 c - a book of Minor Magic

   Spells                             Type                      Level
   a - Magic Dart                     Conjuration                  1
   b - Blink                          Translocation                2
   c - Call Imp                       Summoning                    2
   d - Slow                           Hexes                        2
   e - Conjure Flame                  Conjuration/Fire             3
   f - Mephitic Cloud                 Conjuration/Poison/Air       3
Comestibles
 d - a bread ration


   Skills:
 + Level 1.0 Fighting
 + Level 1.0 Short Blades
 + Level 1.0 Long Blades
 + Level 1.0 Axes
 + Level 1.0 Maces & Flails
 + Level 1.0 Polearms
 + Level 1.0 Staves
 + Level 1.0 Slings
 + Level 1.0 Bows
 + Level 1.0 Crossbows
 + Level 1.0 Throwing
 + Level 1.0 Armour
 + Level 4.6 Dodging
 + Level 4.2 Stealth
 + Level 1.0 Shields
 + Level 1.0 Unarmed Combat
 + Level 7.2 Spellcasting
 + Level 2.2 Conjurations
 + Level 0.7 Hexes
 + Level 0.7 Charms
 + Level 2.2 Summonings
 + Level 0.7 Necromancy
 + Level 2.2 Translocations
 + Level 0.7 Transmutations
 + Level 0.7 Fire Magic
 + Level 0.7 Ice Magic
 + Level 0.7 Air Magic
 + Level 0.7 Earth Magic
 + Level 0.7 Poison Magic
 + Level 1.1 Invocations
 + Level 1.0 Evocations


You had 4 spell levels left.
You knew the following spells:

 Your Spells              Type           Power        Failure   Level  Hunger
a - Magic Dart            Conj           ###.         3%          1    None
b - Call Imp              Summ           ###.....     5%          2    None
e - Mephitic Cloud        Conj/Pois/Air  ##......     16%         3    None
s - Conjure Flame         Conj/Fire      ##......     14%         3    None
v - Blink                 Tloc           N/A          5%          2    None
w - Slow                  Hex            ##......     10%         2    None


Dungeon Overview and Level Annotations

Branches:
Dungeon (4/15)
 Temple: D:4-7

Altars:


Innate Abilities, Weirdness & Mutations

Your experience applies equally to all skills.
You have very sharp teeth.
Your uncanny sense of smell can sniff out nearby items.


Message History

The scorpion barely misses you.
Your crimson imp blinks!
You hit the scorpion.
The scorpion is heavily wounded.
The scorpion closely misses you.
You barely miss the scorpion.
You bite the scorpion, but do no damage.
The scorpion is heavily wounded.
Your crimson imp blinks!
The scorpion barely misses you.
You closely miss the scorpion.
The scorpion is heavily wounded.
The scorpion barely misses you.
You completely miss the scorpion.
The scorpion is heavily wounded.
Your crimson imp blinks!
The scorpion stings you!
* * * LOW HITPOINT WARNING * * *
You hit the scorpion but do no damage.
The scorpion is heavily wounded.
The scorpion closely misses you.
Okay, then.
Casting: Call Imp
Confirm with . or Enter, or press ? or * to list all spells.
Aiming: Magic Dart
Press: ? - help, Shift-Dir - straight line, f - scorpion
Aim: a scorpion (heavily wounded)
The magic dart hits the scorpion.
The scorpion is heavily wounded.
The scorpion misses you.
Really quaff
g - a grey potion {!q}?
It was a potion of curing {!q}.
You feel better. The scorpion misses you.
Your crimson imp blinks!
You hit the scorpion but do no damage.
The scorpion is severely wounded.
The scorpion stings you but does no damage.
You completely miss the scorpion.
The scorpion is almost dead.
You barely miss the scorpion.
The scorpion is almost dead.
Your crimson imp disappears in a puff of smoke!
The scorpion stings you!
* * * LOW HITPOINT WARNING * * *
Your crimson imp blinks!
You hit the scorpion but do no damage.
The scorpion is almost dead.
The scorpion closely misses you.
Your crimson imp blinks!
You completely miss the scorpion.
You bite the scorpion, but do no damage.
The scorpion is severely wounded.
The scorpion stings you.
* * * LOW HITPOINT WARNING * * *
You hit the scorpion but do no damage.
The scorpion is severely wounded.
The scorpion misses you.
You hit the scorpion but do no damage.
The scorpion is severely wounded.
Your crimson imp disappears in a puff of smoke!
The scorpion misses you.
You closely miss the scorpion.
The scorpion is severely wounded.
The scorpion stings you!
You die...

#†.# #o# #..# #.#
#..# #.# #..# #.#
#<.# #.# #..# #.#
# #..# #5#
#.####.>#######.#
##............§s@#
.........#########
#######.## #.# #.#
#.# ..# ###


You could see a scorpion and a friendly crimson imp.

Vanquished Creatures
  A worker ant (D:4)
  An ooze (D:2)
  3 dart slugs
  A leopard gecko (D:2)
  5 goblins
  4 hobgoblins
  7 kobolds
  A ball python (D:3)
  A frilled lizard (D:1)
  3 rats
27 creatures vanquished.

Notes
Turn   | Place    | Note
-------+----------+-------------------------------------------
     0 | D:1      | Amnesiac the Gnoll Wizard began the quest for the Orb.
     0 | D:1      | Reached XP level 1. HP: 13/13 MP: 8/8
   151 | D:1      | Reached XP level 2. HP: 17/19 MP: 8/10
   155 | D:1      | Learned a level 2 spell: Blink
   158 | D:1      | Learned a level 2 spell: Call Imp
   474 | D:2      | Reached XP level 3. HP: 25/25 MP: 11/11
   491 | D:2      | Learned a level 3 spell: Conjure Flame
   494 | D:2      | Learned a level 2 spell: Slow
   498 | D:2      | Learned a level 3 spell: Mephitic Cloud
   745 | D:4      | Reached skill level 1 in Fighting
   745 | D:4      | Reached skill level 1 in Short Blades
   745 | D:4      | Reached skill level 1 in Long Blades
   745 | D:4      | Reached skill level 1 in Axes
   745 | D:4      | Reached skill level 1 in Maces & Flails
   745 | D:4      | Reached skill level 1 in Polearms
   745 | D:4      | Reached skill level 1 in Staves
   745 | D:4      | Reached skill level 1 in Slings
   745 | D:4      | Reached skill level 1 in Bows
   745 | D:4      | Reached skill level 1 in Crossbows
   745 | D:4      | Reached skill level 1 in Throwing
   745 | D:4      | Reached skill level 1 in Armour
   745 | D:4      | Reached skill level 1 in Shields
   745 | D:4      | Reached skill level 1 in Unarmed Combat
   745 | D:4      | Reached skill level 1 in Invocations
   745 | D:4      | Reached skill level 1 in Evocations
   745 | D:4      | Reached XP level 4. HP: 32/32 MP: 0/13
   823 | D:4      | Slain by a scorpion

Vault maps used:
D:1:      tarquinn_simple_flora_water_d
D:2:      gammafunk_temple_overflow_forgotten, first_bread

Skill      XL: |  1  2  3 |
---------------+----------+-----
Conjurations   | 2 |  2.2
Summonings     | 2 |  2.2
Translocations | 2 |  2.2
Fighting       | 1 |  1.0
Short Blades   | 1 |  1.0
Long Blades    | 1 |  1.0
Axes           | 1 |  1.0
Maces & Flails | 1 |  1.0
Polearms       | 1 |  1.0
Staves         | 1 |  1.0
Slings         | 1 |  1.0
Bows           | 1 |  1.0
Crossbows      | 1 |  1.0
Throwing       | 1 |  1.0
Armour         | 1 |  1.0
Shields        | 1 |  1.0
Unarmed Combat | 1 |  1.0
Invocations    | 1 |  1.1
Evocations     | 1 |  1.0
Dodging        | |  4.6
Stealth        | |  4.2
Spellcasting   | |  7.2
Hexes          | |  0.7
Charms         | |  0.7
Necromancy     | |  0.7
Transmutations | |  0.7
Fire Magic     | |  0.7
Ice Magic      | |  0.7
Air Magic      | |  0.7
Earth Magic    | |  0.7
Poison Magic   | |  0.7

Action                   |  1- 3 |  4- 6 || total
-------------------------+-------+-------++-------
Melee: Dagger            |     2 |    15 ||    17
       Bite              |       |     2 ||     2
 Cast: Magic Dart        |    63 |     2 ||    65
       Conjure Flame     |     1 |       ||     1
       Call Imp          |       |     4 ||     4
  Use: Potion            |       |     1 ||     1
 Stab: Sleeping          |     2 |       ||     2
Armor: Robe              |     1 |     1 ||     2
Dodge: Dodged            |     5 |    12 ||    17

Table legend:
 A = Spawn XP
 B = Non-spawn XP
 C = Spawn XP percentage of total XP
 D = Spawn monster count
 E = Non-spawn monster count
 F = Spawn count percentage of total count
 G = Total turns spent on level
                    A         B        C        D         E        F      G
               +---------+---------+-------+---------+---------+-------+---------
         Total |       0 |      92 |   0.0 |       0 |      27 |   0.0 |   823
               +---------+---------+-------+---------+---------+-------+---------
           D:1 |       0 |      31 |   0.0 |       0 |      16 |   0.0 |   462
           D:2 |       0 |      17 |   0.0 |       0 |       6 |   0.0 |    99
           D:3 |       0 |       4 |   0.0 |       0 |       3 |   0.0 |   103
           D:4 |       0 |      40 |   0.0 |       0 |       2 |   0.0 |   159
               +---------+---------+-------+---------+---------+-------+---------
